 Dungeon Crawl Stone Soup version 0.26.1-11-gd32895ea62 (webtiles) character file.

Game seed: 16049969425525350422

4944 phalm the Destroyer (level 10, -7/74 HPs)
             Began as a Gnoll Conjurer on May 13, 2021.
             Was an Elder of Cheibriados.
             Mangled by a deep elf knight
             ... wielding a +0 short sword
              (12 damage)
             ... on level 9 of the Dungeon.
             The game lasted 00:20:05 (10529 turns).

phalm the Destroyer (Gnoll Conjurer)               Turns: 10529, Time: 00:20:05

Health: -7/74      AC:  5    Str: 20    XL:     10   Next: 52%
Magic:  15/21      EV: 19    Int: 33    God:    Cheibriados [****..]
Gold:   777        SH:  0    Dex: 24    Spells: 20/23 levels left

rFire    . . .     SeeInvis .   E - +10 dark maul {vorpal}
rCold    . . .     Faith    .   (shield currently unavailable)
rNeg     . . .     Spirit   .   a - +1 robe
rPois    .         Reflect  .   (no helmet)
rElec    .         Harm     .   (no cloak)
rCorr    .         Rampage  .   G - +1 pair of gloves
Will     .....                  (no boots)
Stlth    +++.......             A - amulet of the acrobat
HPRegen  0.22/turn              F - ring of attention (curse)
MPRegen  0.17/turn              Y - +4 ring of slaying

@: studying Long Blades, very slow
A: distributed training, fangs 1, strong nose
a: Renounce Religion, Bend Time, Temporal Distortion, Slouch


You were on level 9 of the Dungeon.
You worshipped Cheibriados.
Cheibriados was greatly pleased with you.
You visited 1 branch of the dungeon, and saw 9 of its levels.

You collected 777 gold pieces.


Innate Abilities, Weirdness & Mutations

Your experience applies equally to all skills.
You have very sharp teeth.
Your uncanny sense of smell can sniff out nearby items.


   Skills:
 + Level 5.3 Fighting
 + Level 5.3 Short Blades
 + Level 6.7 Long Blades
 + Level 5.3 Axes
 + Level 5.3 Maces & Flails
 + Level 5.3 Polearms
 + Level 5.3 Staves
 + Level 5.3 Slings
 + Level 5.3 Bows
 + Level 5.3 Crossbows
 + Level 5.3 Throwing
 + Level 5.3 Armour
 + Level 7.1 Dodging
 + Level 6.9 Stealth
 + Level 5.3 Shields
 + Level 5.3 Unarmed Combat
 + Level 7.4 Spellcasting
 + Level 8.5 Conjurations
 + Level 4.4 Hexes
 + Level 4.4 Summonings
 + Level 4.4 Necromancy
 + Level 4.4 Translocations
 + Level 4.4 Transmutations
 + Level 4.4 Fire Magic
 + Level 4.4 Ice Magic
 + Level 4.4 Air Magic
 + Level 4.4 Earth Magic
 + Level 4.4 Poison Magic
 + Level 5.9 Invocations
 + Level 5.3 Evocations


You had 20 spell levels left.
You knew the following spells:

 Your Spells              Type           Power        Failure   Level
m - Magic Dart            Conj           100%         1%          1
s - Searing Ray           Conj           100%         1%          2

Your spell library contained the following spells:

 Spells                   Type           Power        Failure   Level
 Beastly Appendage        Tmut           82%          1%          1
 Wereblood                Tmut           41%          1%          2
 Dazzling Flash           Conj/Hex       100%         1%          3
 Spider Form              Tmut/Pois      20%          1%          3
 Fulminant Prism          Conj/Hex       26%          2%          4
 Iskenderun's Mystic Bla  Conj/Tloc      53%          2%          4
 Ice Form                 Ice/Tmut       41%          6%          4
 Blade Hands              Tmut           20%          17%         5

Inventory:

Hand Weapons
 c - a +1 whip of draining
   (You found it on level 1 of the Dungeon)
 p - a +1 quarterstaff of draining
   (You found it on level 3 of the Dungeon)
 D - a +1 vampiric halberd
   (You found it on level 7 of the Dungeon)
 E - the +10 dark maul (weapon) {vorpal}
   (You found it on level 7 of the Dungeon)

   It inflicts extra damage upon your enemies.
Missiles
 l - 24 poisoned darts
 r - 7 silver boomerangs
 s - 11 javelins
 t - 35 bolts
 u - 8 curare-tipped darts {=f}
 v - 2 boomerangs
 y - 27 sling bullets
Armour
 a - a +1 robe (worn)
 G - a +1 pair of gloves (worn)
   (You found it on level 8 of the Dungeon)
Jewellery
 g - an uncursed amulet of regeneration
   (You found it on level 4 of the Dungeon)
 A - an amulet of the acrobat (around neck)
   (You found it on level 8 of the Dungeon)
 F - a cursed ring of attention (left hand)
   (You found it on level 8 of the Dungeon)
 N - an uncursed ring of positive energy
   (You found it on level 1 of the Dungeon)
 Y - a +4 ring of slaying (right hand)
   (You found it on level 7 of the Dungeon)
Wands
 k - a wand of iceblast (8)
   (You found it on level 5 of the Dungeon)
 C - a wand of digging (9)
   (You found it on level 6 of the Dungeon)
Scrolls
 e - 2 scrolls of magic mapping {!r}
 h - 5 scrolls of teleportation {@r4}
 i - 2 scrolls of amnesia
 m - 3 scrolls of enchant weapon
 w - 2 scrolls of remove curse {@r2}
 x - 2 scrolls of enchant armour
 H - a scroll of vulnerability {unknown}
 I - 2 scrolls of acquirement {unknown}
 J - a scroll of random uselessness {unknown}
Potions
 b - 5 potions of curing {@q1}
 d - 2 potions of attraction {!q}
 f - 2 potions of flight
 j - 5 potions of lignification {!q}
 o - a potion of cancellation {unknown}
 q - a potion of magic {unknown}
 z - a potion of brilliance {unknown}
Books
 B - a manual of Long Blades {!d}
   (You found it on level 6 of the Dungeon)

Dungeon Overview and Level Annotations

Branches:
Dungeon (9/15)             Temple (0/1) D:7
   Lair: D:8-11         Orc: D:9-12

Altars:
Cheibriados
Elyvilon
Fedhas
Gozag
Kikubaaqudgha
Makhleb
Nemelex Xobeh
Okawaru
Ru
Sif Muna
Uskayaw
Zin
The Shining One

.######+##
.....##.########
.....##........#
.....##.......)#
#..####........#
##.####........#
#.##..........#
#..#........#####
##.#.......##..@#
#.#(...####.###{#
#..##.###.'.#∆ .#
##.##..)..#.# .#
#..#.....##.. ##
##.#......####
.#.###### ...#
.....


There were no monsters in sight!


Message History

😎 MP[-1]
You lost 1 mp, and now have 18/21 mp.
The magic dart hits the howler monkey.
You kill the howler monkey!
Cheibriados thoroughly appreciates the change of pace. 😎 MP[-1]
You lost 1 mp, and now have 17/21 mp.
The magic dart hits the hound zombie. 😎 MP[-1]
You lost 1 mp, and now have 16/21 mp.
The magic dart hits the hound zombie.
The magic dart hits the hound zombie. 😎 MP[-1]
You lost 1 mp, and now have 15/21 mp.
The magic dart hits the hound zombie. 😎 MP[-1]
You lost 1 mp, and now have 14/21 mp.
The magic dart hits the hound zombie!
The hound zombie misses you. 😎 MP[-1]
You lost 1 mp, and now have 13/21 mp.
The magic dart hits the hound zombie.
The hound zombie closely misses you. 😎 MP[-1]
You lost 1 mp, and now have 12/21 mp.
The magic dart hits the hound zombie.
You destroy the hound zombie!
Cheibriados appreciates the change of pace. 😎 MP[-1]
You lost 1 mp, and now have 11/21 mp.
A centaur comes into view. 😎 MP[+10]
Your mp is fully restored (21).
The magic dart hits the centaur.
The centaur wields a +0 shortbow.
The centaur shoots an arrow.
The arrow hits you! 😕 HP[-14] MP[-1]
You take 14 damage, and now have 60/74 hp.
You lost 1 mp, and now have 20/21 mp.
The magic dart hits the centaur but does no damage.
The centaur shoots an arrow.
The arrow hits you!
The centaur shoots an arrow.
The arrow closely misses you. 😮 HP[-13] MP[-1]
You take 13 damage, and now have 47/74 hp.
You lost 1 mp, and now have 19/21 mp.
Casting: Magic Dart (safe; 1% risk of failure)
Confirm with . or Enter, or press ? or * to list all spells.
Aiming: Searing Ray (safe; 1% risk of failure)
Press: ? - help, Shift-Dir - straight line, f/p - centaur
Aim: a centaur, wielding a +0 shortbow and quivering 17 arrows (moderately wounded, 10% to evade)
The searing ray hits the centaur! (Press . to maintain the ray.)
The centaur shoots an arrow.
The arrow completely misses you. 😮 MP[-2]
You lost 2 mp, and now have 17/21 mp.
The searing ray hits the centaur!
You kill the centaur!
Cheibriados thoroughly appreciates the change of pace. 😮 MP[-1]
You lost 1 mp, and now have 16/21 mp.
Things that are here:
a +0 shortbow; 16 arrows; a centaur corpse 😎 HP[+27] MP[+5]
Your hp is fully restored (74).
Your mp is fully restored (21).
You now have 777 gold pieces (gained 10).
You open the door.
There is an open door here.
A deep elf knight comes into view. It is wielding a +0 short sword.
The magic dart hits the deep elf knight but does no damage.
The deep elf knight shouts!
The deep elf knight casts a spell.
The deep elf knight seems to speed up. 😎 MP[-1]
You lost 1 mp, and now have 20/21 mp.
The magic dart hits the deep elf knight. 😎 MP[-1]
You lost 1 mp, and now have 19/21 mp.
You barely miss the deep elf knight.
The deep elf knight hits you with a +0 short sword.
The deep elf knight misses you.
The deep elf knight points at you and mumbles some strange words.
The shard of ice misses you.
The deep elf knight barely misses you. 😕 HP[-4]
You take 4 damage, and now have 70/74 hp.
The deep elf knight blocks your attack.
The deep elf knight hits you with a +0 short sword! x2
The deep elf knight points at itself and mumbles some strange words.
The deep elf knight flickers and vanishes!
Deactivating autopickup; reactivate with Ctrl-A.
You hear some strange, mumbled words.
A shard of ice appears from out of thin air!
The shard of ice hits you!!
* * * LOW HITPOINT WARNING * * *
😱 HP[-58] MP[+1]
You take 58 damage, and now have 12/74 hp.
MASSIVE DAMAGE!! (PAUSE)
You can feel time thicken for a moment.
You can no longer step out of the flow of time.
Cheibriados lowers the support of your attributes as your movement quickens.
Something hits you!
* * * LOW HITPOINT WARNING * * *
Something hits you!
You die...

Skill      XL: |  1  2  3  4  5  6  7  8  9 10 |
---------------+-------------------------------+-----
Spellcasting   | 5 6 7 |  7.4
Invocations    | 1 2 3 4 5 |  5.9
Fighting       | 1 2 3 4 5 |  5.3
Short Blades   | 1 2 3 4 5 |  5.3
Long Blades    | 1 2 4 6 |  6.7
Axes           | 1 2 3 4 5 |  5.3
Maces & Flails | 1 2 3 4 5 |  5.3
Polearms       | 1 2 3 4 5 |  5.3
Staves         | 1 2 3 4 5 |  5.3
Slings         | 1 2 3 4 5 |  5.3
Bows           | 1 2 3 4 5 |  5.3
Crossbows      | 1 2 3 4 5 |  5.3
Throwing       | 1 2 3 4 5 |  5.3
Armour         | 1 2 3 4 5 |  5.3
Shields        | 1 2 3 4 5 |  5.3
Unarmed Combat | 1 2 3 4 5 |  5.3
Evocations     | 1 2 3 4 5 |  5.3
Hexes          | 1 2 3 4 |  4.4
Summonings     | 1 2 3 4 |  4.4
Necromancy     | 1 2 3 4 |  4.4
Translocations | 1 2 3 4 |  4.4
Transmutations | 1 2 3 4 |  4.4
Fire Magic     | 1 2 3 4 |  4.4
Ice Magic      | 1 2 3 4 |  4.4
Air Magic      | 1 2 3 4 |  4.4
Earth Magic    | 1 2 3 4 |  4.4
Poison Magic   | 1 2 3 4 |  4.4
Dodging        | 5 6 7 |  7.1
Stealth        | 5 6 |  6.9
Conjurations   | 8 |  8.5

Action                   |  1- 3 |  4- 6 |  7- 9 | 10-12 || total
-------------------------+-------+-------+-------+-------++-------
Melee: Whip              |     2 |       |       |       ||     2
       Quarterstaff      |       |       |    29 |       ||    29
       Bite              |       |       |     5 |       ||     5
       Maul              |       |       |       |    22 ||    22
 Cast: Magic Dart        |    46 |    77 |   232 |   106 ||   461
       Searing Ray       |     1 |     7 |    27 |     2 ||    37
Invok: Slouch            |       |       |       |     2 ||     2
  Use: Scroll            |       |       |     9 |     3 ||    12
Armor: Robe              |     2 |     1 |    13 |     5 ||    21
Dodge: Dodged            |     4 |     8 |   107 |    45 ||   164

Levels and vault maps discovered:
D:1:      evilmike_arrival_hilbert_curve, layout_basic, minmay_gold_behind_fungi
D:2:      layout_basic, minitemple, okawaru_metal_pillars_3, uniq_robin,
          uniq_natasha, uniq_jessica
D:3:      layout_basic, uniq_grinder
D:4:      layout_loops_cross, grunt_temple_overflow_champion_of_chaos,
          minmay_door_square, minmay_cupped, uniq_eustachio, uniq_menkaure
D:5:      layout_rooms, good_gods_temple_1
D:6:      layout_basic, grunt_temple_overflow_opulence,
          minmay_manual_monstrance, uniq_prince_ribbit1
D:7:      cheibrodos_fertilizer, layout_loops_corners,
          lemuel_coloured_pillars_altar, minmay_temple_entry_gardened_gates,
          ebering_ghost_rock_garden, makhleb_blood_cavern_becter, uniq_duvessa
D:8:      layout_basic
D:9:      layout_basic, dpeg_oklobed_lair, serial_aquarium,
          aquarium_bridge_long_joined [aquarium_subvault_wall,
          aquarium_subvault_wall, aquarium_subvault_wall,
          aquarium_subvault_wall, aquarium_subvault_bridge,
          aquarium_subvault_wall], aquarium_window_fake, aquarium_window_corner,
          aquarium_view_2c, aquarium_balcony_double_1, kennysheep_just_a_vault

Notes
Turn   | Place    | Note
-------+----------+-------------------------------------------
     0 | D:1      | phalm the Gnoll Conjurer began the quest for the Orb.
     0 | D:1      | Reached XP level 1. HP: 13/13 MP: 6/6
     0 | D:1      | magus.rc [v1.9.10]
   210 | D:1      | Reached XP level 2. HP: 19/19 MP: 4/7
   213 | D:1      | Learned a level 2 spell: Searing Ray
   814 | D:1      | Reached XP level 3. HP: 25/25 MP: 6/9
   896 | D:1      | Reached skill level 5 in Spellcasting
  1128 | D:1      | Reached skill level 1 in Invocations
  1209 | D:2      | Noticed Jessica
  1212 | D:2      | Killed Jessica
  1213 | D:2      | Reached skill level 1 in Fighting
  1213 | D:2      | Reached skill level 1 in Short Blades
  1213 | D:2      | Reached skill level 1 in Long Blades
  1213 | D:2      | Reached skill level 1 in Axes
  1213 | D:2      | Reached skill level 1 in Maces & Flails
  1213 | D:2      | Reached skill level 1 in Polearms
  1213 | D:2      | Reached skill level 1 in Staves
  1213 | D:2      | Reached skill level 1 in Slings
  1213 | D:2      | Reached skill level 1 in Bows
  1213 | D:2      | Reached skill level 1 in Crossbows
  1213 | D:2      | Reached skill level 1 in Throwing
  1213 | D:2      | Reached skill level 1 in Armour
  1213 | D:2      | Reached skill level 1 in Shields
  1213 | D:2      | Reached skill level 1 in Unarmed Combat
  1213 | D:2      | Reached skill level 1 in Evocations
  1213 | D:2      | Reached XP level 4. HP: 32/32 MP: 6/11
  1271 | D:2      | Found an iron altar of Okawaru.
  1323 | D:2      | Reached skill level 1 in Hexes
  1323 | D:2      | Reached skill level 1 in Summonings
  1323 | D:2      | Reached skill level 1 in Necromancy
  1323 | D:2      | Reached skill level 1 in Translocations
  1323 | D:2      | Reached skill level 1 in Transmutations
  1323 | D:2      | Reached skill level 1 in Fire Magic
  1323 | D:2      | Reached skill level 1 in Ice Magic
  1323 | D:2      | Reached skill level 1 in Air Magic
  1323 | D:2      | Reached skill level 1 in Earth Magic
  1323 | D:2      | Reached skill level 1 in Poison Magic
  1649 | D:2      | Noticed Natasha
  1653 | D:2      | Killed Natasha
  1654 | D:2      | Reached XP level 5. HP: 37/37 MP: 6/12
  1661 | D:2      | Noticed Natasha
  1665 | D:2      | Killed Natasha
  1829 | D:2      | You pick up a book of Changes and begin reading...
  1829 | D:2      | You add the spells Beastly Appendage, Wereblood, Spider
                  | Form, Ice Form and Blade Hands to your library.
  1836 | D:2      | Noticed Natasha
  1840 | D:2      | Killed Natasha
  2018 | D:2      | Found a blossoming altar of Fedhas.
  2018 | D:2      | Found a shimmering blue altar of Sif Muna.
  2018 | D:2      | Found a hide-covered altar of Uskayaw.
  2019 | D:2      | Found a sacrificial altar of Ru.
  2022 | D:2      | Found a snail-covered altar of Cheibriados.
  2027 | D:2      | Became a worshipper of Cheibriados the Contemplative
  2109 | D:2      | Reached XP level 6. HP: 41/44 MP: 3/13
  2111 | D:2      | Reached skill level 2 in Invocations
  2452 | D:3      | Reached skill level 2 in Fighting
  2452 | D:3      | Reached skill level 2 in Short Blades
  2452 | D:3      | Reached skill level 2 in Long Blades
  2452 | D:3      | Reached skill level 2 in Axes
  2452 | D:3      | Reached skill level 2 in Maces & Flails
  2452 | D:3      | Reached skill level 2 in Polearms
  2452 | D:3      | Reached skill level 2 in Staves
  2452 | D:3      | Reached skill level 2 in Slings
  2452 | D:3      | Reached skill level 2 in Bows
  2452 | D:3      | Reached skill level 2 in Crossbows
  2452 | D:3      | Reached skill level 2 in Throwing
  2452 | D:3      | Reached skill level 2 in Armour
  2452 | D:3      | Reached skill level 5 in Dodging
  2452 | D:3      | Reached skill level 2 in Shields
  2452 | D:3      | Reached skill level 2 in Unarmed Combat
  2452 | D:3      | Reached skill level 2 in Evocations
  2545 | D:3      | Reached * piety under Cheibriados
  2604 | D:3      | Noticed Grinder
  2609 | D:3      | Paralysed by Grinder for 2 turns
  2615 | D:3      | Killed Grinder
  2616 | D:3      | Reached XP level 7. HP: 51/51 MP: 6/15
  3334 | D:3      | Reached skill level 2 in Hexes
  3334 | D:3      | Reached skill level 2 in Summonings
  3334 | D:3      | Reached skill level 2 in Necromancy
  3334 | D:3      | Reached skill level 2 in Translocations
  3334 | D:3      | Reached skill level 2 in Transmutations
  3334 | D:3      | Reached skill level 2 in Fire Magic
  3334 | D:3      | Reached skill level 2 in Ice Magic
  3334 | D:3      | Reached skill level 2 in Air Magic
  3334 | D:3      | Reached skill level 2 in Earth Magic
  3334 | D:3      | Reached skill level 2 in Poison Magic
  3967 | D:4      | Noticed Menkaure
  3970 | D:4      | Killed Menkaure
  3971 | D:4      | Reached skill level 5 in Stealth
  3971 | D:4      | Reached skill level 3 in Invocations
  4122 | D:4      | Noticed Eustachio
  4127 | D:4      | Killed Eustachio
  4128 | D:4      | Reached XP level 8. HP: 54/57 MP: 8/16
  4459 | D:4      | Reached skill level 3 in Fighting
  4459 | D:4      | Reached skill level 3 in Short Blades
  4459 | D:4      | Reached skill level 3 in Long Blades
  4459 | D:4      | Reached skill level 3 in Axes
  4459 | D:4      | Reached skill level 3 in Maces & Flails
  4459 | D:4      | Reached skill level 3 in Polearms
  4459 | D:4      | Reached skill level 3 in Staves
  4459 | D:4      | Reached skill level 3 in Slings
  4459 | D:4      | Reached skill level 3 in Bows
  4459 | D:4      | Reached skill level 3 in Crossbows
  4459 | D:4      | Reached skill level 3 in Throwing
  4459 | D:4      | Reached skill level 3 in Armour
  4459 | D:4      | Reached skill level 3 in Shields
  4459 | D:4      | Reached skill level 3 in Unarmed Combat
  4459 | D:4      | Reached skill level 3 in Evocations
  4461 | D:4      | Reached ** piety under Cheibriados
  4834 | D:5      | Entered Level 5 of the Dungeon
  5388 | D:5      | Found a white marble altar of Elyvilon.
  5388 | D:5      | Found a glowing silver altar of Zin.
  5389 | D:5      | Found a glowing golden altar of the Shining One.
  5503 | D:6      | Reached skill level 6 in Spellcasting
  5805 | D:6      | HP: 13/58 [bullfrog (5)]
  5809 | D:6      | HP: 4/58 [bullfrog (8)]
  6082 | D:6      | Noticed Prince Ribbit
  6086 | D:6      | Killed Prince Ribbit
  6087 | D:6      | Reached skill level 4 in Long Blades
  6087 | D:6      | Reached skill level 6 in Dodging
  6087 | D:6      | Reached skill level 3 in Hexes
  6087 | D:6      | Reached skill level 3 in Summonings
  6087 | D:6      | Reached skill level 3 in Necromancy
  6087 | D:6      | Reached skill level 3 in Translocations
  6087 | D:6      | Reached skill level 3 in Transmutations
  6087 | D:6      | Reached skill level 3 in Fire Magic
  6087 | D:6      | Reached skill level 3 in Ice Magic
  6087 | D:6      | Reached skill level 3 in Air Magic
  6087 | D:6      | Reached skill level 3 in Earth Magic
  6087 | D:6      | Reached skill level 3 in Poison Magic
  6087 | D:6      | Reached skill level 4 in Invocations
  6087 | D:6      | Reached XP level 9. HP: 59/65 MP: 11/18
  6565 | D:6      | Reached *** piety under Cheibriados
  6785 | D:6      | Found a sparkling altar of Nemelex Xobeh.
  6785 | D:6      | Found an opulent altar of Gozag.
  7088 | D:7      | Reached skill level 4 in Fighting
  7088 | D:7      | Reached skill level 4 in Short Blades
  7088 | D:7      | Reached skill level 4 in Axes
  7088 | D:7      | Reached skill level 4 in Maces & Flails
  7088 | D:7      | Reached skill level 4 in Polearms
  7088 | D:7      | Reached skill level 4 in Staves
  7088 | D:7      | Reached skill level 4 in Slings
  7088 | D:7      | Reached skill level 4 in Bows
  7088 | D:7      | Reached skill level 4 in Crossbows
  7088 | D:7      | Reached skill level 4 in Throwing
  7088 | D:7      | Reached skill level 4 in Armour
  7088 | D:7      | Reached skill level 4 in Shields
  7088 | D:7      | Reached skill level 4 in Unarmed Combat
  7088 | D:7      | Reached skill level 4 in Evocations
  7513 | D:7      | Found an ancient bone altar of Kikubaaqudgha.
  7546 | D:7      | Noticed Duvessa
  7546 | D:7      | Noticed Dowan
  7552 | D:7      | Killed Dowan
  7553 | D:7      | Killed Duvessa
  7554 | D:7      | Reached skill level 6 in Stealth
  7554 | D:7      | Reached skill level 8 in Conjurations
  7782 | D:7      | Reached skill level 5 in Long Blades
  7791 | D:7      | Reached **** piety under Cheibriados
  7850 | D:7      | Reached skill level 5 in Invocations
  8098 | D:7      | Found a runed translucent gate.
  8099 | D:7      | Found a runed translucent gate.
  8100 | D:7      | Noticed Zeld's ghost (novice OpBr)
  8101 | D:7      | Found a runed translucent gate.
  8191 | D:7      | Killed Zeld's ghost
  8192 | D:7      | Reached skill level 6 in Long Blades
  8192 | D:7      | Reached skill level 7 in Spellcasting
  8192 | D:7      | Reached skill level 4 in Hexes
  8192 | D:7      | Reached skill level 4 in Summonings
  8192 | D:7      | Reached skill level 4 in Necromancy
  8192 | D:7      | Reached skill level 4 in Translocations
  8192 | D:7      | Reached skill level 4 in Transmutations
  8192 | D:7      | Reached skill level 4 in Fire Magic
  8192 | D:7      | Reached skill level 4 in Ice Magic
  8192 | D:7      | Reached skill level 4 in Air Magic
  8192 | D:7      | Reached skill level 4 in Earth Magic
  8192 | D:7      | Reached skill level 4 in Poison Magic
  8192 | D:7      | Reached XP level 10. HP: 73/73 MP: 11/20
  8289 | D:7      | Found a staircase to the Ecumenical Temple.
  8407 | D:7      | Found the +10 dark maul {vorpal}
  8469 | D:7      | Found a burning altar of Makhleb.
  8473 | D:7      | Reached skill level 5 in Fighting
  8473 | D:7      | Reached skill level 5 in Short Blades
  8473 | D:7      | Reached skill level 5 in Axes
  8473 | D:7      | Reached skill level 5 in Maces & Flails
  8473 | D:7      | Reached skill level 5 in Polearms
  8473 | D:7      | Reached skill level 5 in Staves
  8473 | D:7      | Reached skill level 5 in Slings
  8473 | D:7      | Reached skill level 5 in Bows
  8473 | D:7      | Reached skill level 5 in Crossbows
  8473 | D:7      | Reached skill level 5 in Throwing
  8473 | D:7      | Reached skill level 5 in Armour
  8473 | D:7      | Reached skill level 5 in Shields
  8473 | D:7      | Reached skill level 5 in Unarmed Combat
  8473 | D:7      | Reached skill level 5 in Evocations
  9016 | D:8      | Reached skill level 7 in Dodging
 10097 | D:9      | Reached ***** piety under Cheibriados
 10524 | D:9      | Noticed a deep elf knight
 10528 | D:9      | HP: 12/74 [something/shard of ice (29)]
 10529 | D:9      | HP: 5/74 [something (7)]
 10529 | D:9      | Mangled by a deep elf knight

Vanquished Creatures
  The ghost of Zeld the Slicer, a novice OpBr of Fedhas (D:7)
  Grinder (D:3)
  Prince Ribbit (D:6)
  3 slime creatures (D:7)
  Eustachio (D:4)
  Menkaure (D:4)
  Duvessa (D:7)
  2 sky beasts
  A black bear (D:8)
  2 orc warriors
  A necrophage (D:7)
  3 ogres
  A centaur (D:9)
  A phantom (D:9)
  3 big kobolds (D:7)
  4 bullfrogs
  Dowan (D:7)
  5 killer bees (D:8)
  A water moccasin skeleton (D:9)
  3 wights (D:8)
  A howler monkey (D:9)
  2 centaur zombies (D:6)
  2 quasits
  3 orc priests
  4 jellies (D:7)
  8 hounds
  3 centaur skeletons
  Jessica (D:2)
  An iguana (D:5)
  Natasha (thrice) (D:2)
  3 orc wizards
  A worker ant (D:8)
  A killer bee zombie (D:7)
  3 hound zombies
  2 hound skeletons (D:7)
  5 gnolls
  9 adders
  A shadow imp (D:6)
  A white imp (D:6)
  An ufetubus (D:8)
  8 oozes
  2 adder skeletons (D:4)
  A worm (D:2)
  6 leopard geckos
  15 orcs
  2 ball pythons
  2 giant cockroaches
  14 goblins
  14 hobgoblins
  6 jackals
  16 kobolds
  3 quokkas
  9 bats
  5 frilled lizards
  A jackal zombie (D:8)
  A quokka skeleton (D:5)
  5 rats
202 creatures vanquished.

Vanquished Creatures (others)
  4 plants (D:7)
  16 toadstools
20 creatures vanquished.

Grand Total: 222 creatures vanquished

Table legend:
 A = Non-vault XP
 B = Vault XP
 C = Vault XP percentage of total XP
 D = Non-vault monster count
 E = Vault monster count
 F = Vault count percentage of total count
                 A         B        C        D         E       F
            +---------+---------+-------+---------+---------+-------
      Total |    3519 |    3544 |  50.2 |     158 |      44 |  21.8
            +---------+---------+-------+---------+---------+-------
        D:1 |      55 |       0 |   0.0 |      25 |       0 |   0.0
        D:2 |     185 |      88 |  32.2 |      27 |      10 |  27.0
        D:3 |     245 |     290 |  54.2 |      19 |       1 |   5.0
        D:4 |     132 |     400 |  75.2 |      12 |       3 |  20.0
        D:5 |     131 |       0 |   0.0 |       7 |       0 |   0.0
        D:6 |     486 |     589 |  54.8 |      22 |       5 |  18.5
        D:7 |     537 |    2177 |  80.2 |      14 |      25 |  64.1
        D:8 |    1103 |       0 |   0.0 |      19 |       0 |   0.0
        D:9 |     645 |       0 |   0.0 |      13 |       0 |   0.0
            +---------+---------+-------+---------+---------+-------

Illustrated notes

Table legend:
 A = Kills in this place as a percentage of kills in entire the game.
 B = Kills by you in this place as a percentage of kills by you in the entire game.
 C = Kills by friends in this place as a percentage of kills by friends in the entire game.
 D = Other kills in this place as a percentage of other kills in the entire game.
 E = Experience gained in this place as a percentage of experience gained in the entire game.
 F = Experience gained in this place divided by the number of levels of this place that you have seen.
                   A       B       C       D       E      F
               +-------+-------+-------+-------+-------+----------------------
         Total | 100.0 | 100.0 |   N/A |   N/A | 100.0 | 784.8
       Dungeon | 100.0 | 100.0 |   N/A |   N/A | 100.0 | 784.8
               +-------+-------+-------+-------+-------+----------------------

Table legend: (Time is in decaauts)
 A = Elapsed time spent in this place.
 B = Non-inter-level travel time spent in this place.
 C = Inter-level travel time spent in this place.
 D = Time resting spent in this place.
 E = Time spent auto-exploring this place.
 F = Levels seen in this place.
 G = Mean time per level.
                   A        B        C        D        E       F      G
               +--------+--------+--------+--------+--------+-----+--------+
         Total |  13314 |  12983 |    331 |     26 |  11823 |   9 | 1479.3 |
       Dungeon |  13314 |  12983 |    331 |     26 |  11823 |   9 | 1479.3 |
               +--------+--------+--------+--------+--------+-----+--------+

Top non-repeatable levels by time:
     D:7: 2400 daAuts
     D:6: 1924 daAuts
     D:8: 1918 daAuts
     D:3: 1729 daAuts
     D:4: 1364 daAuts
     D:2: 1235 daAuts
     D:1: 1205 daAuts
     D:5: 770 daAuts
     D:9: 765 daAuts
